 Dungeon Crawl Stone Soup version 0.30.0-19-g36f170ea60 (webtiles) character file.

Game seed: 4275248821682857590

17797 AiryTheDragon the Magician (level 12, -33/80 HPs)
             Began as a Demonspawn Fire Elementalist on May 27, 2023.
             Was a Priest of Nemelex Xobeh.
             Annihilated by an enormous slime creature (76 damage)
             ... on level 15 of the Dungeon on May 28, 2023.
             The game lasted 03:04:43 (14200 turns).

AiryTheDragon the Magician (DsFE)                  Turns: 14200, Time: 03:04:44

Health: -33/80     AC: 19    Str: 10    XL:     12   Next: 22%
Magic:  0/23       EV:  8    Int: 20    God:    Nemelex Xobeh [***...]
Gold:   646        SH:  4    Dex: 14    Spells: 4/26 levels left

rFire   + + .        g - +4 spear (venom)
rCold   x . .        i - +0 buckler
rNeg    . . .        n - +0 fire dragon scales
rPois   .            S - +2 hat
rElec   .            X - +2 cloak {Stlth+}
rCorr   +            E - +0 pair of gloves
SInv    .            (no boots)
Will    .....        s - amulet of guardian spirit
Stlth   +++          e - ring of resist corrosion
HPRegen 0.33/turn    c - ring of flight
MPRegen 0.18/turn

%: guardian spirit
@: flying
A: claws 1, powered by death 1, sharp scales 3, demonic magic 1, antennae 1,
MP-powered wands
a: Renounce Religion, Draw Escape, Draw Destruction, Draw Summoning, Triple Draw


You were on level 15 of the Dungeon.
You worshipped Nemelex Xobeh.
Nemelex Xobeh was most pleased with you.
You visited 1 branch of the dungeon, and saw 15 of its levels.

You collected 646 gold pieces.

Inventory:

Hand Weapons
 g - a +4 spear of venom (weapon)
 p - a +0 short sword of electrocution
 r - a +2 mace of draining
 u - a +3 falchion
 D - a +3 flail
 W - a +2 dagger of electrocution
 Y - a +3 war axe of flaming
 Z - a +2 spear of venom
Missiles
 a - 3 boomerangs of dispersal
 m - 25 poisoned darts
 G - 11 boomerangs
Armour
 d - a +1 chain mail of cold resistance
 i - a +0 buckler (worn)
 n - +0 fire dragon scales (worn)
 o - the +4 robe of Cag Rugg {rC+++ Str+5 Int-4}
   (You found it on level 12 of the Dungeon)

   Str:       It affects your strength (+5).
   Int:       It affects your intelligence (-4).
   rC:        It renders you almost immune to cold.
 t - a +0 kite shield
 E - a +0 pair of gloves (worn)
 P - +0 acid dragon scales
 Q - a +0 troll leather armour
 S - a +2 hat (worn)
 X - a +2 cloak of stealth (worn)
Magical Staves
 A - a staff of poison
Jewellery
 c - a ring of flight (right hand)
 e - a ring of resist corrosion (left hand)
 s - an amulet of guardian spirit (around neck)
 B - an amulet of faith
Wands
 b - a wand of mindburst (6)
 q - a wand of roots (10)
 w - a wand of flame (10)
 U - a wand of digging (5)
Scrolls
 h - a scroll of fog
 j - 3 scrolls of fear
 k - 6 scrolls of amnesia
 v - 4 scrolls of vulnerability
 y - 3 scrolls of silence
 C - a scroll of magic mapping
 L - a scroll of blinking
 T - a scroll of brand weapon {unknown}
 V - a scroll of torment {unknown}
Potions
 f - 8 potions of curing
 l - 2 potions of ambrosia
 x - a potion of berserk rage
 z - a potion of haste {unknown}
 F - 3 potions of might
 K - a potion of invisibility
 M - 4 potions of flight
 O - a potion of brilliance
 R - a potion of cancellation {unknown}


   Skills:
 + Level 2.4 Fighting
 + Level 3.4 Short Blades
 + Level 1.4(1.7) Axes
 + Level 1.0(1.3) Maces & Flails
 + Level 0.6(1.2) Polearms
 + Level 1.0 Throwing
 * Level 6.3 Armour
 + Level 3.7 Dodging
 + Level 7.1 Stealth
 * Level 1.8 Shields
 + Level 0.1 Unarmed Combat
 + Level 7.6 Spellcasting
 + Level 3.9 Conjurations
 + Level 6.2 Summonings
 * Level 3.4 Transmutations
 + Level 6.6 Fire Magic
 + Level 5.2 Air Magic
 + Level 6.2 Poison Magic
 * Level 3.7 Invocations
 + Level 0.4 Evocations


You had 4 spell levels left.
You knew the following spells:

 Your Spells              Type           Power      Damage    Failure   Level
a - Foxfire               Conj/Fire      100%       2x1d9     12%         1
b - Scorch                Fire           68%        2d7       11%         2
c - Call Imp              Summ           64%        N/A       12%         2
d - Mephitic Cloud        Conj/Pois/Air  28%        N/A       36%         3
e - Ignite Poison         Fire/Tmut/Pois 29%        N/A       34%         3
f - Flame Wave            Conj/Fire      28%        2d9       75%         4
g - Summon Lightning Spi  Summ/Air       30%        N/A       69%         4
h - Ozocubu's Armour      Ice            7%         N/A       97%         3

Your spell library contained the following spells:

 Spells                   Type           Power      Damage    Failure   Level
 Magic Dart               Conj           92%        1d7       22%         1
 Static Discharge         Conj/Air       50%        2-5/arc   24%         2
 Inner Flame              Hex/Fire       20%        N/A       63%         3
 Volatile Blastmotes      Fire/Tloc      40%        2d13      63%         3
 Necrotise                Necr           28%        1d5       71%         1
 Sticky Flame             Conj/Fire      28%        2d5       75%         4
 Airstrike                Air            14%        2d(2-18)  77%         4
 Stone Arrow              Conj/Erth      30%        3d8       80%         3
 Animate Armour           Summ/Erth      40%        N/A       96%         4
 Vampiric Draining        Necr           7%         2d6       97%         3
 Agony                    Necr           7%         N/A       100%        5
 Blade Hands              Tmut           10%        N/A       100%        5
 Metabolic Englaciation   Hex/Ice        3%         N/A       100%        5
 Iron Shot                Conj/Erth      7%         9d2       100%        6
 Simulacrum               Ice/Necr       3%         N/A       100%        6
 Ignition                 Fire           17%        3d7       100%        8
 Lehudib's Crystal Spear  Conj/Erth      7%         10d3      100%        8


Dungeon Overview and Level Annotations

Branches:
Dungeon (15/15)            Temple (0/1) D:7            Lair (0/5) D:11
    Orc (0/2) D:11
 Vaults: D:13-14     Depths: D:15

Altars:
Fedhas
Hepliaklqana
Kikubaaqudgha
Nemelex Xobeh
Qazlal
Ru
Uskayaw
Vehumet
Yredelemnul

Shops:
D:5 (

Portals:
Abyss: D:7

Annotations:
D:7 2 transporters, tmbigdog's ghost, novice HOFi


Innate Abilities, Weirdness & Mutations

You have sharp fingernails.
You regenerate a little health from kills.
You are completely covered in razor-sharp scales. (AC +3, Slay +3)
Spells you cast may paralyse adjacent enemies.
You have a pair of small antennae on your head.
You expend magic power (3 MP) to strengthen your wands.


Message History

Confirm with . or Enter, or press ? or * to list all spells.
Flames lash the enormous slime creature.
The enormous slime creature is lightly wounded.
The enormous slime creature's fire resistance burns away.
Malevolent energies surge around you. Something misses your butterfly.
The enormous slime creature misses your butterfly.
Your cerulean imp hits the enormous slime creature from afar with a -1 spear.
Casting: Scorch (safe; 11% risk of failure)
Confirm with . or Enter, or press ? or * to list all spells.
Flames lash the enormous slime creature.
The enormous slime creature is burned terribly!
The enormous slime creature is moderately wounded.
Malevolent energies surge around you.
The enormous slime creature closely misses your butterfly.
Your cerulean imp hits the enormous slime creature but does no damage.
Casting: Scorch (safe; 11% risk of failure)
Confirm with . or Enter, or press ? or * to list all spells.
Flames lash the enormous slime creature.
The enormous slime creature is burned terribly!
The enormous slime creature is moderately wounded.
Malevolent energies surge around you.
The enormous slime creature barely misses your butterfly.
Your cerulean imp hits the enormous slime creature but does no damage.
Casting: Scorch (safe; 11% risk of failure)
Confirm with . or Enter, or press ? or * to list all spells.
Okay, then.
Reach: g) +4 spear (venom)
Press: ? - help, Dir - move target, f - enormous slime creature
Aim: an enormous slime creature (moderately wounded, more vulnerable to fire, ally target, about 14% to evade your +4 spear of venom)
Okay, then.
Aiming: Dig
Press: ? - help, Shift-Dir - straight line A rock wall.
The rock shatters into small pieces.
You hear an angry buzzing noise.
A meliai comes into view.
It is wielding a +1 hand axe of draining.
The enormous slime creature hits you!!!!
Ouch! That really hurt!
You die...
Your body disappears without a glow.

#..........#
######..........#
y......b..b....#
#.# #...bb....#
#.##.b..<...b#
#.#.bb......#
#.##5.....##
#b#J###### #@J#
##b# #.# ###


You could see an enormous slime creature (combustible, ally target), a slime
creature, a meliai (distracted) and a friendly cerulean imp (summoned).

Vanquished Creatures
  Gastronok (D:9)
  2 two-headed ogres
  A wizard (D:14)
  Pikel (D:9)
  3 cyclopes
  An ugly thing (D:13)
  A gargoyle (D:13)
  Maurice (D:8)
  3 unseen horrors
  2 meliai (D:13)
  4 trolls
  A hornet (D:9)
  Prince Ribbit (D:9)
  3 wraiths
  3 wyverns
  3 shadows
  5 yaks (D:8)
  5 vampire mosquitoes
  2 wargs
  2 acid dragons
  2 water moccasins
  A black bear (D:4)
  6 orc warriors
  An ogre (D:5)
  3 sky beasts (D:7)
  2 ice beasts
  14 centaurs
  2 phantoms
  A kobold brigand (D:9)
  2 gnoll sergeants
  2 bullfrogs (D:8)
  2 scorpions
  6 wights (D:9)
  9 killer bees
  2 howler monkeys
  6 quasits (D:4)
  2 gnoll boudas
  2 hounds
  3 jellies
  4 orc priests (D:11)
  5 sleepcaps
  11 orc wizards
  8 adders
  13 gnolls
  2 shadow imps
  2 white imps (D:4)
  2 ufetubi (D:4)
  A worm (D:3)
  A dart slug (D:3)
  31 orcs
  6 ball pythons
  6 bats
  5 endoplasms
  7 giant cockroaches
  5 goblins
  3 hobgoblins (D:1)
  3 jackals (D:3)
  5 kobolds
  5 quokkas
  3 frilled lizards
  2 rats (D:1)
243 creatures vanquished.

Vanquished Creatures (collateral kills)
  A fire dragon (D:13)
  An ugly thing (D:11)
  Joseph (D:9)
  A troll (D:7)
  A warg (D:11)
  An acid dragon (D:10)
  An electric eel (D:11)
  A hound (D:7)
  A gnoll (D:9)
  An ufetubus (D:4)
  2 orcs
12 creatures vanquished.

Vanquished Creatures (others)
  A shadow (D:11)
  340 foxfires
341 creatures vanquished.

Grand Total: 596 creatures vanquished

Notes
Turn   | Place    | Note
-------+----------+-------------------------------------------
     0 | D:1      | AiryTheDragon the Demonspawn Fire Elementalist began the
                  | quest for the Orb.
     0 | D:1      | Reached XP level 1. HP: 13/13 MP: 3/3
   278 | D:1      | Gained mutation: You are partially covered in razor-sharp
                  | scales. (AC +1, Slay +1) [demonic ancestry]
   278 | D:1      | Reached XP level 2. HP: 17/19 MP: 3/5
   414 | D:1      | Learned a level 2 spell: Scorch
   417 | D:1      | Learned a level 2 spell: Call Imp
  1170 | D:2      | Found a basalt altar of Yredelemnul.
  1398 | D:2      | Gained mutation: You are mostly covered in razor-sharp
                  | scales. (AC +2, Slay +2) [demonic ancestry]
  1398 | D:2      | Reached XP level 3. HP: 24/24 MP: 1/6
  2583 | D:4      | Reached XP level 4. HP: 30/30 MP: 7/7
  2717 | D:4      | Reached skill level 1 in Summonings
  2801 | D:4      | Noticed a scorpion
  2813 | D:4      | Killed a scorpion
  2814 | D:4      | Reached skill level 1 in Maces & Flails
  2814 | D:4      | Reached skill level 1 in Armour
  2814 | D:4      | Reached XP level 5. HP: 20/36 MP: 1/9
  2936 | D:4      | Noticed a phantom
  3102 | D:5      | Entered Level 5 of the Dungeon
  3113 | D:5      | Reached skill level 1 in Short Blades
  3113 | D:5      | Gained mutation: You are completely covered in razor-sharp
                  | scales. (AC +3, Slay +3) [demonic ancestry]
  3113 | D:5      | Reached XP level 6. HP: 42/42 MP: 5/11
  3264 | D:5      | Learned a level 3 spell: Mephitic Cloud
  3268 | D:5      | Learned a level 3 spell: Ignite Poison
  3506 | D:5      | Found a blossoming altar of Fedhas.
  3566 | D:5      | Found Iwovapou's Weapon Emporium.
  3923 | D:5      | Gained mutation: Spells you cast may paralyse adjacent
                  | enemies. [demonic ancestry]
  3923 | D:5      | Reached XP level 7. HP: 47/47 MP: 6/12
  4381 | D:4      | Reached skill level 1 in Poison Magic
  4636 | D:4      | Reached skill level 1 in Air Magic
  5145 | D:6      | Reached XP level 8. HP: 35/53 MP: 4/14
  5148 | D:6      | Reached skill level 1 in Fighting
  5696 | D:6      | Found a sparkling altar of Nemelex Xobeh.
  5819 | D:6      | Became a worshipper of Nemelex Xobeh the Trickster
  6138 | D:6      | Found an ancient bone altar of Kikubaaqudgha.
  6425 | D:7      | Reached XP level 9. HP: 57/59 MP: 8/16
  6549 | D:7      | Noticed a troll
  6703 | D:7      | Killed a troll
  6821 | D:7      | Found a transporter.
  6830 | D:7      | Found a transporter.
  6841 | D:7      | Noticed tmbigdog's ghost (novice HOFi)
  6930 | D:7      | Found a staircase to the Ecumenical Temple.
  7103 | D:7      | Found a one-way gate to the infinite horrors of the Abyss.
  7238 | D:8      | Noticed Maurice
  7238 | D:8      | Noticed a two-headed ogre
  7259 | D:9      | Noticed Joseph
  7264 | D:9      | Reached * piety under Nemelex Xobeh
  7269 | D:10     | Entered Level 10 of the Dungeon
  7337 | D:10     | Reached skill level 5 in Spellcasting
  7445 | D:10     | Reached skill level 5 in Fire Magic
  7487 | D:10     | Reached skill level 5 in Stealth
  7508 | D:10     | Learned a level 4 spell: Flame Wave
  7745 | D:10     | Noticed a troll
  7748 | D:10     | Noticed a two-headed ogre
  7767 | D:10     | Killed a troll
  7768 | D:10     | Reached skill level 5 in Summonings
  7777 | D:10     | Killed a two-headed ogre
  7778 | D:10     | Gained mutation: You have sharp fingernails. [demonic
                  | ancestry]
  7778 | D:10     | Reached XP level 10. HP: 66/66 MP: 1/18
  8011 | D:10     | Gained mutation: You have a pair of small antennae on your
                  | head. [potion of mutation]
  8011 | D:10     | Gained mutation: You expend magic power (3 MP) to
                  | strengthen your wands. [potion of mutation]
  8210 | D:10     | Received a gift from Nemelex Xobeh
  8372 | D:10     | Found a hazy altar of Hepliaklqana.
  8380 | D:10     | Found a radiant altar of Vehumet.
  8634 | D:11     | Noticed a cyclops
  8685 | D:9      | Noticed Pikel
  8685 | D:9      | Noticed Gastronok
  8997 | D:9      | Reached skill level 5 in Poison Magic
  9101 | D:9      | Noticed Prince Ribbit
  9115 | D:9      | Killed Prince Ribbit
  9297 | D:9      | Killed Gastronok
  9298 | D:9      | Reached skill level 5 in Armour
  9298 | D:9      | Reached skill level 1 in Transmutations
  9303 | D:9      | Learned a level 4 spell: Summon Lightning Spire
  9322 | D:9      | Killed Pikel
  9511 | D:9      | Found a stormy altar of Qazlal.
  9583 | D:9      | Killed Joseph
  9584 | D:9      | Gained mutation: You regenerate a little health from kills.
                  | [demonic ancestry]
  9584 | D:9      | Reached XP level 11. HP: 41/72 MP: 1/20
  9944 | D:8      | Killed Maurice
  9952 | D:8      | Killed a two-headed ogre
 10054 | D:8      | Reached ** piety under Nemelex Xobeh
 10109 | D:8      | Found a sacrificial altar of Ru.
 10117 | D:8      | Found a hide-covered altar of Uskayaw.
 11204 | D:11     | Found a staircase to the Lair.
 11215 | D:11     | Reached skill level 5 in Air Magic
 11233 | D:11     | Reached skill level 1 in Axes
 11404 | D:11     | Noticed a red ugly thing
 11811 | D:11     | Killed a red ugly thing
 11852 | D:11     | Reached skill level 1 in Invocations
 12358 | D:11     | Found a staircase to the Orcish Mines.
 13047 | D:12     | Identified the +4 robe of Cag Rugg {rC+++ Str+5 Int-4}
 13072 | D:12     | Reached skill level 1 in Shields
 13379 | D:12     | Noticed a boulder beetle
 13390 | D:13     | Reached *** piety under Nemelex Xobeh
 13395 | D:14     | Noticed a red ugly thing
 13395 | D:14     | Noticed a red ugly thing
 13395 | D:14     | Noticed a red ugly thing
 13657 | D:13     | Learned a level 3 spell: Ozocubu's Armour
 13670 | D:13     | Received a gift from Nemelex Xobeh
 13698 | D:13     | Noticed a brown ugly thing
 13710 | D:13     | Killed a brown ugly thing
 13711 | D:13     | Reached XP level 12. HP: 71/79 MP: 12/23
 13874 | D:13     | Noticed an orc warlord
 13894 | D:13     | Noticed a centaur warrior
 13894 | D:13     | Noticed a tengu warrior
 13901 | D:13     | Noticed a two-headed ogre
 13903 | D:13     | Noticed a boulder beetle
 13908 | D:13     | Noticed a centaur warrior
 13908 | D:13     | Noticed an ogre mage
 13916 | D:13     | Noticed a fire dragon
 13927 | D:13     | Killed a fire dragon
 14151 | D:13     | Reached skill level 1 in Throwing
 14180 | D:15     | Entered Level 15 of the Dungeon
 14200 | D:15     | Annihilated by an enormous slime creature

Illustrated notes

Levels and vault maps discovered:
D:1:      mainiacjoe_arrival_reflecting_pool, layout_basic
D:2:      layout_basic, basic_altar, corexii_corridor_pit
D:3:      layout_loops_cross, zin_scriptorium, amethyst_killhole,
          minmay_bisected
D:4:      layout_loops_cross, serial_demonic, serial_demonic_d,
          serial_demonic_a, serial_demonic_e, serial_demonic_e
D:5:      layout_gridville, overflow_temple_1_default, serial_shops,
          nicolae_shop_bloodbath_and_beyond, serial_glass, glass_columns_a,
          glass_columns_a
D:6:      layout_rooms, nemelex_spade_bored_becter, marbit_many_paths,
          minmay_misc_feat_rugged, kennysheep_small_circle
D:7:      layout_basic, minmay_temple_entry_slanted,
          gammafunk_ghost_abyssal_escape, grunt_ministairs_12
D:8:      layout_basic, mainiacjoe_overflow_big_doors, uniq_maurice
D:9:      layout_cave_pools, grunt_qazlal_clouds, minmay_fountain_box,
          uniq_pikel, uniq_prince_ribbit1, uniq_gastronok, uniq_joseph
D:10:     layout_long_grid, amethyst_overflow_temple_binary,
          hangedman_abyss_or_decor_passed
D:11:     layout_loops_ring, erik_lair_orcish_takeover, david_orc_1_choice,
          minmay_misc_feat_square, minivault_4
D:12:     layout_irregular_city, mrwooster_statue_mirror
D:13:     layout_rooms, minmay_the_grid_2x2 [minmay_the_grid_armoury,
          minmay_the_grid_minigrid_large, minmay_the_grid_gridbox,
          minmay_the_grid_prize_big_room]
D:14:     layout_rooms, lightli_vaults_fourway_checkpoint, nicolae_water_bricks,
          minmay_strange_pillars, grunt_ministairs_13, doesnt_xom_only_xom
D:15:     grunt_enter_depths_hoard, layout_loops_ring,
          amcnicky_mini_rare_corridor_liquid, serial_shops,
          nicolae_shop_peninsula, minivault_11

Skill      XL: |  1  2  3  4  5  6  7  8  9 10 11 12 |
---------------+-------------------------------------+-----
Fire Magic     | 3 4 5 6 |  6.6
Dodging        | 2 3 |  3.7
Summonings     | 1 2 3 4 5 6 |  6.2
Maces & Flails | 1 |  1.0
Armour         | 1 2 3 4 5 6 |  6.3
Spellcasting   | 3 4 5 6 7 |  7.6
Stealth        | 2 4 5 6 7 |  7.1
Short Blades   | 1 2 3 |  3.4
Poison Magic   | 2 3 4 5 6 |  6.2
Air Magic      | 1 2 3 4 5 |  5.2
Fighting       | 1 2 |  2.4
Conjurations   | 2 3 |  3.9
Transmutations | 1 3 |  3.4
Axes           | 1 |  1.4
Invocations    | 3 |  3.7
Shields        | 1 |  1.8
Throwing       | 1 |  1.0
Polearms       | |  0.6
Unarmed Combat | |  0.1
Evocations     | |  0.4

Action                     |  1- 3 |  4- 6 |  7- 9 | 10-12 || total
---------------------------+-------+-------+-------+-------++-------
  Melee: Dagger            |    43 |       |       |       ||    43
         Unarmed           |     3 |       |       |       ||     3
         Hand axe          |    16 |       |       |       ||    16
         Mace              |    14 |     2 |       |       ||    16
         Short sword       |       |    66 |   168 |    91 ||   325
         Punch             |       |     1 |     5 |     5 ||    11
         Spear             |       |       |       |   116 ||   116
         War axe           |       |       |       |    53 ||    53
  Throw: Dart              |     5 |       |     1 |     5 ||    11
         Boomerang         |       |       |       |     1 ||     1
   Cast: Foxfire           |    24 |    24 |    40 |   124 ||   212
         Scorch            |    14 |    16 |    51 |   110 ||   191
         Call Imp          |       |     2 |    20 |    34 ||    56
         Mephitic Cloud    |       |       |       |     3 ||     3
         Summon Lightning  |       |       |       |     2 ||     2
         Flame Wave        |       |       |       |     1 ||     1
 Invoke: Draw Destruction  |       |       |       |     6 ||     6
         Draw Summoning    |       |       |       |     2 ||     2
  Evoke: Wand              |       |       |       |    11 ||    11
    Use: Scroll            |     3 |     6 |     5 |    23 ||    37
         Potion            |     3 |     2 |     2 |     8 ||    15
   Stab: Sleeping          |     3 |       |     4 |     7 ||    14
         Paralysed         |       |       |    35 |    74 ||   109
         Distracted        |       |       |     1 |     1 ||     2
         Confused          |       |       |       |     2 ||     2
 Armour: Robe              |    21 |       |       |       ||    21
         Ring mail         |    12 |    86 |   132 |       ||   230
         Troll leather arm |       |       |     7 |   149 ||   156
         Fire dragon scale |       |       |       |     5 ||     5
  Dodge: Dodged            |    45 |    92 |   134 |   192 ||   463
  Block: Buckler           |       |       |       |    14 ||    14
